Map: Terraform LE (Void)

Players

Bakemonoda - Winner!

  • Race: Terran Terran
  • League: Master

Yours

  • Race: Zerg Zerg
  • League: Diamond

VOD

https://www.youtube.com/watch?v=-nYSUErjiwE

Description

LOTV build

TVZ aggressive liberator lockdown

aggressive play

Time

  • Played on: Oct. 20, 2015, 4:50 a.m.
  • Length: 7:39
Show
View Real Time Build Order
Export as new Build Order

Bakemonoda Terran - Winner!

Build Orders: 1/1/1, Liberator Opening 

Get SALT Encoding   

  12  0:01  SCV  
  13  0:13  SCV  
  14  0:20  Supply Depot  
  14  0:25  SCV  
  15  0:30  Refinery  
  16  0:44  Barracks  
  16  0:47  SCV  
  16  0:55  Refinery  
  16  0:59  SCV  
  17  1:11  SCV  
  18  1:23  SCV  
  19  1:33  Factory  
  19  1:35  SCV  
  19  1:36  Reaper  
  21  1:50  Supply Depot  
  21  1:51  Orbital Command  
  22  2:08  Reaper  
  22  2:17  Hellion  
  22  2:18  Starport  
  22  2:22  SCV  
  25  2:34  SCV  
  26  2:46  Hellion, Reaper  
  26  2:47  SCV  
  26  2:50  Supply Depot  
  30  2:59  Starport Tech Lab  
  30  3:01  SCV  
  31  3:12  Hellion  
  33  3:13  SCV  
  33  3:16  Command Center  
  33  3:18  Supply Depot  
  34  3:28  Liberator  
  34  3:42  Hellion  
  34  3:43  Marine  
  34  3:46  SCV  
  41  3:56  Supply Depot  
  41  4:01  SCV  
  43  4:10  Factory Reactor  
  43  4:11  Barracks Reactor  
  43  4:16  SCV  
  43  4:26  Armory  
  43  4:28  SCV  
  44  4:33  Orbital Command  
  44  4:35  Liberator  
  44  4:40  SCV  
  45  4:49  Marine x2  
  45  4:50  Hellion x2  
  54  5:00  Unknown  
  54  5:07  SCV x2  
  56  5:16  Marine x2  
  56  5:17  Hellion x2  
  56  5:19  SCV x2  
  56  5:20  Supply Depot  
  56  5:21  Supply Depot  
  64  5:34  Marine x2  
  66  5:43  Liberator  
  61  5:59  Marine x2  
  61  6:00  Hellion x2  
  70  6:06  SCV x2  
  70  6:12  Factory, Engineering Bay  
  70  6:13  Factory  
  68  6:18  SCV  
  69  6:27  Marine  
  69  6:28  Widow Mine x2, Marine  
  69  6:29  Liberator  
  69  6:30  SCV x2  
  69  6:42  SCV  
  69  6:45  Marine x2  
Show
View Real Time Build Order
Export as new Build Order

Yours Zerg 

Build Orders: Hatch First 

Get SALT Encoding   

  12  0:01  Drone  
  13  0:08  Drone  
  14  0:17  Overlord  
  14  0:27  Drone, Extractor x2  
  13  0:29  Drone  
  16  0:36  Drone  
  17  0:53  Hatchery  
  17  0:56  Drone  
  17  0:58  Drone  
  17  1:01  Extractor  
  17  1:15  Spawning Pool  
  16  1:21  Drone x2  
  18  1:27  Drone  
  19  1:38  Overlord  
  19  2:02  Zergling x4  
  19  2:03  Metabolic Boost, Queen  
  19  2:05  Queen  
  25  2:09  Drone  
  25  2:11  Drone  
  27  2:16  Drone  
  27  2:21  Drone  
  29  2:29  Drone  
  30  2:35  Extractor  
  28  2:46  Queen  
  28  2:49  Overlord  
  31  2:53  Drone x3  
  31  2:54  Drone  
  35  3:08  Drone  
  35  3:09  Drone x2  
  38  3:13  Drone x3  
  38  3:15  Drone  
  38  3:19  Spore Crawler  
  41  3:26  Spine Crawler, Zergling x2  
  41  3:27  Zergling x6  
  42  3:37  Zergling x2  
  42  3:40  Overlord  
  43  3:45  Lair  
  43  3:49  Extractor, Queen  
  43  3:50  Extractor  
  43  3:56  Drone  
  43  3:57  Extractor  
  43  4:06  Drone x2  
  43  4:07  Drone x2  
  43  4:09  Drone x3  
  50  4:15  Overlord  
  50  4:25  Drone  
  50  4:29  Drone  
  50  4:30  Overlord  
  52  4:40  Drone x4  
  52  4:42  Overlord x2  
  52  4:43  Hatchery, Drone  
  56  4:47  Spire  
  55  5:06  Queen  
  57  5:07  Queen  
  59  5:19  Overlord  
  59  5:29  Zergling x14  
  66  5:37  Overlord  
  66  5:40  Spine Crawler  
  66  5:41  Spine Crawler  
  48  6:00  Mutalisk x4  
  48  6:01  Mutalisk x2, Spine Crawler  
  48  6:03  Zergling x2  
  48  6:04  Zergling x4  
  57  6:12  Spine Crawler  
  51  6:19  Mutalisk  
  51  6:20  Mutalisk  
  52  6:37  Mutalisk  
Tags
 
Add a new tag
Caveats
  • Supply blocks, unpowered buildings, or Contaminate may cause inaccurate times.
  • Supply counts are checked every 10 seconds.